 Dungeon Crawl Stone Soup version 0.27-a0-906-g0a00ce863d (webtiles) character file.

Game seed: 9583777171570153402

6609 jestyr24 the Thaumaturge (level 11, -7/89 HPs)
             Began as a Djinni Gladiator on Apr 8, 2021.
             Was an Elder of Yredelemnul.
             Killed by refrigeration
             ... invoked by Fannar
              (42 damage)
             ... on level 10 of the Dungeon.
             The game lasted 01:24:08 (10689 turns).

jestyr24 the Thaumaturge (Djinni Gladiator)        Turns: 10689, Time: 01:24:09

Health: -7/89      AC: 19    Str: 13    XL:     11   Next: 2%
Gold:   355        EV: 11    Int: 15    God:    Yredelemnul [****..] SH:  0 Dex: 22

rFire    + + +     SeeInvis +   I - staff of poison
rCold    x . .     Faith    .   (no shield)
rNeg     . . .     Spirit   .   y - +6 scale mail of Kul Ikaj {rCorr}
rPois    ∞         Reflect  .   c - +0 helmet
rElec    .         Harm     .   O - +2 cloak {Stlth+}
rCorr    +         Rampage  .   t - +2 pair of gloves of the Black Moon {Int+3 Stlth-}
Will     +....     Clarity  +   (boots unavailable)
Stlth    +.........             (no amulet)
HPRegen  1.24/turn              f - +6 ring of dexterity
MPRegen  0.00/turn              A - ring of see invisible

@: flying
A: fire resistance 3, cold vulnerability 1, float, innate caster, hp casting,
extra vitality 1, clarity, regeneration 1, robust 1, evolution 1, MP-powered
wands
a: Renounce Religion, Recall Undead Slaves, Injury Mirror, Animate Dead, Drain
Life


You were on level 10 of the Dungeon.
You worshipped Yredelemnul.
Yredelemnul was greatly pleased with you.
You visited 1 branch of the dungeon, and saw 10 of its levels.

You collected 516 gold pieces.
You spent 161 gold pieces at shops.

Inventory:

Hand Weapons
 a - the +7 quick blade of Caebbuygu {drain, rC++ Will- Int+3}
   (You acquired it on level 9 of the Dungeon)

   A truly terrible weapon, it drains the life of those it strikes.
   It affects your intelligence (+3).
   It greatly protects you from cold.
   It decreases your willpower.
 b - a +5 scimitar
 G - a +0 hand crossbow
 M - a +1 spectral quarterstaff
Missiles
 e - 29 poisoned darts (quivered)
 k - 6 curare-tipped darts
 p - 5 throwing nets
 u - 3 atropa-tipped darts
 H - 61 bolts
Armour
 c - a +0 helmet (worn)
 t - the +2 pair of gloves of the Black Moon (worn) {Int+3 Stlth-}
   (You bought it in a shop on level 7 of the Dungeon)

   It affects your intelligence (+3).
   It makes you less stealthy.
 y - the +6 scale mail of Kul Ikaj (worn) {rCorr}
   (You found it on level 5 of the Dungeon)

   It protects you from acid and corrosion.
 D - a +0 leather armour
 O - a +2 cloak of stealth (worn)
Magical Staves
 w - a staff of death
 C - a staff of cold
 I - a staff of poison (weapon)
Jewellery
 f - a +6 ring of dexterity (left hand)
 o - a ring of positive energy
 q - a ring of fire
 A - a ring of see invisible (right hand)
Wands
 n - a wand of flame (24)
 x - a wand of iceblast (7)
 E - a wand of digging (7)
 L - a wand of mindburst (12)
Scrolls
 d - 2 scrolls of silence
 g - 2 scrolls of enchant weapon
 l - 2 scrolls of fear
 B - 2 scrolls of magic mapping
Potions
 h - 2 potions of heal wounds
 j - 2 potions of curing
 m - a potion of haste
 r - a potion of invisibility
 s - a potion of resistance
 v - 2 potions of berserk rage {unknown}
 z - a potion of brilliance {unknown}
 F - a potion of cancellation {unknown}
 J - a potion of attraction {unknown}
 N - a potion of magic {unknown}


   Skills:
 + Level 8.0 Fighting
 - Level 3.3 Short Blades
 - Level 1.7 Throwing
 - Level 1.0 Armour
 - Level 3.5 Dodging
 - Level 0.8 Stealth
 - Level 10.9 Spellcasting
 * Level 4.9 Invocations


You had 18 spell levels left.
You knew the following spells:

 Your Spells              Type           Power      Damage    Failure   Level
a - Sting                 Tmut/Pois      100%       1d8       1%          1
b - Poisonous Vapours     Pois/Air       100%       N/A       1%          2
c - Searing Ray           Conj           80%        3d6       1%          2
d - Portal Projectile     Hex/Tloc       80%        N/A       1%          3
e - Lee's Rapid Deconstr  Erth           20%        3d13*     14%         5
Your spell library was empty.

Dungeon Overview and Level Annotations

Branches:
Dungeon (10/15)            Temple (0/1) D:7
   Lair: D:8-11         Orc: D:9-12

Altars:
Gozag
Yredelemnul
Jiyva

Shops:
D:1 *   D:7 *

Annotations:
D:2 Sigmund
D:10 Fannar


Innate Abilities, Weirdness & Mutations

You are immune to poison.
Your flesh is almost immune to the effects of heat. (rF+++)
You are vulnerable to cold. (rC-)
You float through the air rather than walking.
You learn spells naturally, not from books.
Your magical power is your life essence.
You have superior vitality. (+4 HP)
You possess an exceptional clarity of mind.
Your natural rate of healing is unusually fast.
You are robust. (+10% HP)
You evolve.
You expend health (3 HP) to strengthen your wands.


Message History

Aim: Fannar, wielding a +0 quarterstaff of freezing, wearing a +1 robe of cold resistance and wearing a ring of ice (covered in an icy film, poisoned)
You feel a surge of power!
Poisonous vapours surround Fannar!
Fannar is engulfed in poison gas.
Fannar looks even sicker.
Fannar says, "I shall freeze you to your soul!"
Fannar mumbles some strange words.
Fannar drains the heat from the surrounding environment!
You feel a terrible chill!
Casting: Poisonous Vapours (safe; 1% risk of failure)
Confirm with . or Enter, or press ? or * to list all spells.
Okay, then.
Casting: Poisonous Vapours (safe; 1% risk of failure)
Confirm with . or Enter, or press ? or * to list all spells.
Aiming: Lee's Rapid Deconstruction (dangerous; 14% risk of failure)
Press: ? - help, Dir - move target, p - Fannar A rock wall.
The wall shatters!
The blast of rock fragments hits Fannar!
Fannar is moderately wounded.
Something hits Fannar.
Fannar looks even sicker.
Casting: Lee's Rapid Deconstruction (dangerous; 14% risk of failure)
Confirm with . or Enter, or press ? or * to list all spells.
Aiming: Lee's Rapid Deconstruction (dangerous; 14% risk of failure)
Press: ? - help, Dir - move target A rock wall.
The wall shatters!
The blast of rock fragments hits Fannar but does no damage.
Fannar is moderately wounded.
Casting: Lee's Rapid Deconstruction (dangerous; 14% risk of failure)
Confirm with . or Enter, or press ? or * to list all spells.
Aiming: Lee's Rapid Deconstruction (dangerous; 14% risk of failure)
Press: ? - help, Dir - move target A rock wall.
The wall shatters!
The blast of rock fragments hits Fannar!
Fannar is moderately wounded.
Fannar gestures wildly while chanting.
Fannar drains the heat from the surrounding environment!
You feel a terrible chill!
You die...
Your body rises from the dead as a mindless zombie.

.. ##? ... .. ##.# .
##). ....##))#
.......@#
#........### ..#
#..........# #..
........##e###..#
#.......##W.....#
#.......#...##.##
#...............#
#.....).(.......###.
...................


You could see Fannar (icy armour, very poisoned, ally target) and a friendly
wraith.

Vanquished Creatures
  Grinder (D:3)
  2 hornets (D:9)
  2 wyverns
  A wraith (D:9)
  8 yaks
  2 vampire mosquitoes (D:9)
  Edmund (D:4)
  An acid dragon (D:10)
  A water moccasin (D:5)
  A sky beast (D:6)
  2 orc warriors
  2 ogres
  3 black bears
  A necrophage (D:5)
  3 centaurs (D:9)
  A kobold brigand (D:7)
  3 bullfrogs
  A gnoll sergeant (D:9)
  3 scorpions
  A water moccasin zombie (D:7)
  A wyvern skeleton (D:6)
  A water moccasin skeleton (D:6)
  9 killer bees (D:9)
  12 wights
  A howler monkey (D:7)
  A bullfrog zombie (D:6)
  3 centaur zombies
  A bullfrog skeleton (D:4)
  3 orc priests
  6 jellies
  A gnoll shaman (D:7)
  An iguana (D:5)
  8 orc wizards
  2 killer bee zombies
  A hound zombie (D:5)
  A howler monkey zombie (D:5)
  8 gnolls
  2 howler monkey skeletons (D:6)
  6 adders
  A white imp (D:6)
  2 ufetubi
  An adder skeleton (D:4)
  A worm (D:3)
  4 dart slugs
  20 orcs
  5 bats
  6 endoplasms
  3 giant cockroaches
  10 goblins
  7 hobgoblins
  2 jackals (D:4)
  12 kobolds
  7 quokkas
  11 ball pythons
  2 frilled lizards
  A jackal zombie (D:7)
  3 rats
206 creatures vanquished.

Vanquished Creatures (collateral kills)
  Maurice (D:10)
1 creature vanquished.

Vanquished Creatures (others)
  A mummy (D:10)
  3 plants (D:3)
4 creatures vanquished.

Grand Total: 211 creatures vanquished

Notes
Turn   | Place    | Note
-------+----------+-------------------------------------------
     0 | D:1      | jestyr24 the Djinni Gladiator began the quest for the Orb.
     0 | D:1      | Reached XP level 1. HP: 18/18 MP: 0/0
   111 | D:1      | Reached XP level 2. HP: 21/23 MP: 0/0
   558 | D:1      | Reached XP level 3. HP: 28/28 MP: 0/0
   558 | D:1      | Learned a level 1 spell: Sting
   602 | D:1      | Found Yppaog's Assorted Antiques.
   886 | D:2      | Found a faded altar of an unknown god.
  1311 | D:2      | Noticed Sigmund
  2879 | D:2      | Became a worshipper of Yredelemnul the Dark
  2879 | D:2      | Reached * piety under Yredelemnul
  3171 | D:2      | Gained mutation: You evolve. [potion of mutation]
  3171 | D:2      | Gained mutation: You possess an exceptional clarity of
                  | mind. [potion of mutation]
  3171 | D:2      | Gained mutation: Your flesh is almost immune to the effects
                  | of heat. (rF+++) [potion of mutation]
  3171 | D:2      | Gained mutation: Your natural rate of healing is unusually
                  | fast. [potion of mutation]
  3368 | D:3      | Reached XP level 4. HP: 33/33 MP: 0/0
  3398 | D:3      | Noticed Grinder
  3411 | D:3      | HP: 1/33 [Grinder/nerve-wracking pain (10)]
  3532 | D:3      | Reached skill level 1 in Armour
  3644 | D:3      | Reached skill level 1 in Spellcasting
  3873 | D:3      | Reached ** piety under Yredelemnul
  4245 | D:3      | Killed Grinder
  4246 | D:3      | Reached skill level 4 in Spellcasting
  4246 | D:3      | Reached XP level 5. HP: 29/38 MP: 0/0
  4246 | D:3      | Learned a level 2 spell: Poisonous Vapours
  4246 | D:3      | Reached XP level 6. HP: 33/43 MP: 0/0
  4303 | D:3      | Gained mutation: You expend health (3 HP) to strengthen
                  | your wands. [evolution]
  4577 | D:4      | Noticed Edmund
  4609 | D:4      | Killed Edmund
  4878 | D:4      | Reached XP level 7. HP: 43/49 MP: 0/0
  4878 | D:4      | Learned a level 2 spell: Searing Ray
  5302 | D:4      | Reached skill level 5 in Spellcasting
  5437 | D:5      | Entered Level 5 of the Dungeon
  5500 | D:5      | Identified the +6 scale mail of Kul Ikaj {rCorr}
  5621 | D:5      | Reached skill level 6 in Spellcasting
  5657 | D:5      | Gained mutation: You are robust. (+10% HP) [evolution]
  5792 | D:5      | Reached XP level 8. HP: 56/59 MP: 0/0
  5981 | D:6      | Reached skill level 7 in Spellcasting
  6353 | D:6      | Reached skill level 8 in Spellcasting
  6538 | D:6      | Reached *** piety under Yredelemnul
  6902 | D:6      | Found an opulent altar of Gozag.
  7320 | D:7      | Found Weox's Assorted Antiques.
  7330 | D:7      | Bought a pair of faintly humming gloves for 161 gold pieces
  7330 | D:7      | Identified the +2 pair of gloves of the Black Moon {Int+3
                  | Stlth-} (You bought it in a shop on level 7 of the Dungeon)
  7444 | D:7      | Reached XP level 9. HP: 67/67 MP: 0/0
  7444 | D:7      | Learned a level 3 spell: Portal Projectile
  7777 | D:7      | Reached skill level 9 in Spellcasting
  7995 | D:7      | Found a staircase to the Ecumenical Temple.
  9120 | D:8      | Found a viscous altar of Jiyva.
  9129 | D:8      | Reached **** piety under Yredelemnul
  9245 | D:8      | Reached skill level 10 in Spellcasting
  9322 | D:8      | Received a gift from Yredelemnul (a wight)
  9325 | D:8      | Reached skill level 5 in Fighting
  9583 | D:9      | Identified a scroll of acquirement
  9583 | D:9      | Acquired the +7 quick blade of Caebbuygu {drain, rC++ Will-
                  | Int+3}
  9671 | D:9      | Reached XP level 10. HP: 68/77 MP: 0/0
  9710 | D:9      | Received a gift from Yredelemnul (a mummy)
 10386 | D:10     | Entered Level 10 of the Dungeon
 10430 | D:9      | Reached skill level 1 in Invocations
 10634 | D:10     | Received a gift from Yredelemnul (a wraith)
 10649 | D:10     | Acquired a staff of poison
 10651 | D:10     | Noticed Maurice
 10662 | D:10     | Killed Maurice
 10663 | D:10     | Reached XP level 11. HP: 84/89 MP: 0/0
 10663 | D:10     | Learned a level 5 spell: Lee's Rapid Deconstruction
 10683 | D:10     | Noticed Fannar
 10689 | D:10     | Killed from afar by Fannar

Illustrated notes

Levels and vault maps discovered:
D:1:      erik_arrival_triangle_medium, layout_basic, serial_shops, shop,
          minmay_misc_feat_alley, minmay_tall_x
D:2:      minmay_alternating_diamond, layout_loops_corners,
          serial_co_window_serial, co_window_corner_a, co_window_corner_a,
          co_window_paths_b, co_window_corner_a, co_window_corner_a,
          co_window_paths_a, co_window_corner_a, co_window_cross_2,
          co_window_2corner, co_window_paths_c, co_window_2corner,
          co_window_2corner, glass_columns_a, glass_columns_c, glass_columns_a,
          glass_columns_b, basic_ecumenical_altar, nrook_mini_vaults,
          uniq_sigmund
D:3:      layout_basic, kennysheep_donut, minmay_shallow_snake_nest,
          uniq_grinder
D:4:      layout_gridville, uniq_edmund
D:5:      layout_basic
D:6:      layout_basic, kennysheep_mini
D:7:      layout_layer_cave, minmay_temple_entry_mist, enter_ossuary_3,
          serial_shops, shop
D:8:      layout_loops_corners, grunt_ogre_cave, jiyva_altar_1
D:9:      layout_loops_ring
D:10:     layout_rooms, lair_entry_dummy, serial_bayou_crossing, uniq_snorg,
          uniq_fannar, uniq_maurice

Skill      XL: |  1  2  3  4  5  6  7  8  9 10 11 |
---------------+----------------------------------+-----
Short Blades   | 3 |  3.3
Armour         | 1 |  1.0
Spellcasting   | 4 6 8 10 | 10.9
Fighting       | 3 5 7 8 |  8.0
Invocations    | 4 |  4.9
Throwing       | |  1.7
Dodging        | |  3.5
Stealth        | |  0.8

Action                   |  1- 3 |  4- 6 |  7- 9 | 10-12 || total
-------------------------+-------+-------+-------+-------++-------
Melee: Rapier            |   102 |    65 |    31 |       ||   198
       Scimitar          |       |       |    27 |    22 ||    49
       Quick blade       |       |       |       |    65 ||    65
Throw: Throwing net      |     6 |       |       |       ||     6
       Dart              |     2 |    19 |    10 |       ||    31
 Cast: Poisonous Vapours |       |    24 |    29 |    24 ||    77
       Sting             |       |    11 |    18 |     3 ||    32
       Searing Ray       |       |       |    65 |    11 ||    76
       Portal Projectile |       |       |     1 |       ||     1
       Lee's Rapid Decon |       |       |       |     6 ||     6
Invok: Recall Undead Sla |       |       |     1 |       ||     1
  Use: Scroll            |     9 |     2 |     5 |     4 ||    20
       Potion            |     1 |     1 |       |       ||     2
 Stab: Held in net/web   |     2 |       |       |       ||     2
       Sleeping          |     4 |     1 |     3 |       ||     8
Armor: Leather armour    |    30 |    17 |    18 |       ||    65
       Scale mail        |       |       |    49 |    99 ||   148
Dodge: Dodged            |    65 |    65 |   121 |    84 ||   335
       Rpst.: Scimitar   |       |       |     8 |    10 ||    18

Table legend: (Time is in decaauts)
 A = Elapsed time spent in this place.
 B = Non-inter-level travel time spent in this place.
 C = Inter-level travel time spent in this place.
 D = Time resting spent in this place.
 E = Time spent auto-exploring this place.
 F = Levels seen in this place.
 G = Mean time per level.
                   A        B        C        D        E       F      G
               +--------+--------+--------+--------+--------+-----+--------+
         Total |  10700 |  10120 |    580 |   1879 |   5887 |  10 | 1070.0 |
       Dungeon |  10700 |  10120 |    580 |   1879 |   5887 |  10 | 1070.0 |
               +--------+--------+--------+--------+--------+-----+--------+

Top non-repeatable levels by time:
     D:2: 1794 daAuts
     D:1: 1658 daAuts
     D:6: 1308 daAuts
     D:7: 1156 daAuts
     D:3: 1105 daAuts
     D:8: 1061 daAuts
     D:9: 1000 daAuts
     D:4: 888 daAuts
     D:5: 576 daAuts
    D:10: 150 daAuts
